 Dungeon Crawl Stone Soup version 0.22-a0-192-g6ffc940 (webtiles) character file.

28 wolfsongas the Conjurer (level 2, -3/20 HPs)
             Began as a Draconian Conjurer on Feb 16, 2018.
             Was a Follower of the Shining One.
             Slain by an adder (5 damage)
             ... on level 2 of the Dungeon.
             The game lasted 00:02:29 (1203 turns).

wolfsongas the Conjurer (Draconian Conjurer)        Turns: 1203, Time: 00:02:30

Health: -3/20      AC:  4    Str:  8 (10) XL:     2   Next: 96%
Magic:  2/5        EV: 12    Int: 12 (15) God:    the Shining One [*.....]
Gold:   143        SH:  0    Dex:  8 (11) Spells: 4/5 levels left

rFire    . . .     SeeInvis .   (no weapon)
rCold    . . .     Gourm    .   (no shield)
rNeg     . . .     Faith    .   (armour unavailable)
rPois    .         Spirit   .   (helmet restricted)
rElec    .         Reflect  .   (no cloak)
rCorr    .         Harm     .   (no gloves)
MR       .....                  (no boots)
Stlth    +.........             (no amulet)
HPRegen  0.06/turn              (no ring)
MPRegen  0.09/turn              (no ring)

@: lethally poisoned (-3 -> -9), very slightly contaminated, glowing
A: unfitting armour, cold-blooded, AC +4
a: Renounce Religion


You were on level 2 of the Dungeon.
You worshipped the Shining One.
The Shining One was aware of your devotion.
You were not hungry.

You visited 1 branch of the dungeon, and saw 2 of its levels.

You collected 143 gold pieces.

Inventory:

Scrolls
 c - a scroll of enchant weapon
 d - 3 scrolls of identify
Potions
 e - a potion of invisibility
Books
 a - a book of Conjurations

   Spells                             Type                      Level
   a - Magic Dart                     Conjuration                  1
   b - Searing Ray                    Conjuration                  2
   c - Dazzling Spray                 Conjuration/Hexes            3
   d - Fulminant Prism                Conjuration/Hexes            4
   e - Force Lance                    Conjuration/Translocation    4
   f - Iskenderun's Mystic Blast      Conjuration                  4


   Skills:
 + Level 2.1 Dodging
 + Level 2.2 Stealth
 + Level 2.3 Spellcasting
 + Level 4.2 Conjurations


You had 4 spell levels left.
You knew the following spells:

 Your Spells              Type           Power        Failure   Level  Hunger
a - Magic Dart            Conj           ##..         4%          1    ##.....


Dungeon Overview and Level Annotations

Branches:
Dungeon (2/15)

Altars:
The Shining One


Innate Abilities, Weirdness & Mutations

Your plain brown scales are hard. (AC +4)
You cannot fit into any form of body armour.
You are cold-blooded and may be slowed by cold attacks.


Message History

The adder closely misses you.
You hit the adder but do no damage.
The adder is severely wounded.
* * * LOW HITPOINT WARNING * * *
You feel sick. The adder barely misses you. The adder closely misses you.
You hit the adder but do no damage.
The adder is severely wounded.
* * * LOW HITPOINT WARNING * * *
You feel sick. The adder barely misses you.
You hit the adder but do no damage.
The adder is severely wounded.
The adder bites you but does no damage.
You closely miss the adder.
The adder is severely wounded.
The adder barely misses you.
You hit the adder but do no damage.
The adder is severely wounded.
* * * LOW HITPOINT WARNING * * *
You feel sick. The adder bites you.
You die...

....#< # ......#.
. .....# ## ..
...# .##.#
#.####.####....#
#$........#
#..##.##..# #
#.#.#.#.#
##S@.##.###
#..$...$......#
###.##...##.#.# #
#.#.#.#.#.# ..
.##.##..#.## ...
$...$....#..# ..#
.####.####...##
#..# #.
#.####....####....
#................#


You could see an adder.

Vanquished Creatures
  A dart slug (D:2)
  2 leopard geckos (D:1)
  3 giant cockroaches (D:1)
  4 goblins (D:1)
  3 hobgoblins (D:1)
  2 kobolds
  A ball python (D:1)
  A bat (D:1)
  A frilled lizard (D:2)
  4 rats
  A fungus (D:1)
23 creatures vanquished.

Notes
Turn   | Place    | Note
-------+----------+-------------------------------------------
     0 | D:1      | wolfsongas the Draconian Conjurer began the quest for the Orb.
     0 | D:1      | Reached XP level 1. HP: 14/14 MP: 3/3
   184 | D:1      | Reached XP level 2. HP: 17/20 MP: 0/5
  1148 | D:2      | Found a faded altar of an unknown god.
  1158 | D:2      | Became a worshipper of the Shining One
  1158 | D:2      | Reached * piety under the Shining One
  1203 | D:2      | Slain by an adder

Vault maps used:
D:1:      minmay_arrival_split_and_join, minmay_gold_behind_fungi
D:2:      grunt_temple_overflow_cloverleaf,
          chequers_ecumenical_altar_simple_redux, roderic_three_in_a_row

Skill      XL: |  1 |
---------------+----+-----
Stealth        | 2 |  2.2
Dodging        | 2 |  2.1
Spellcasting   | |  2.3
Conjurations   | |  4.2

Action                   || total
-------------------------++-------
Melee: Unarmed           ||    83
       Tailslap          ||    14
 Cast: Magic Dart        ||    37
  Use: Scroll            ||     3
       Potion            ||     2
 Stab: Sleeping          ||     1
  Eat: Ration            ||     1
Armor: Skin              ||    15
Dodge: Dodged            ||    40

Table legend:
 A = Spawn XP
 B = Non-spawn XP
 C = Spawn XP percentage of total XP
 D = Spawn monster count
 E = Non-spawn monster count
 F = Spawn count percentage of total count
 G = Total turns spent on level
                    A         B        C        D         E        F      G
               +---------+---------+-------+---------+---------+-------+---------
         Total |       0 |      40 |   0.0 |       0 |      22 |   0.0 |  1203
               +---------+---------+-------+---------+---------+-------+---------
           D:1 |       0 |      33 |   0.0 |       0 |      18 |   0.0 |  1023
           D:2 |       0 |       7 |   0.0 |       0 |       4 |   0.0 |   180
               +---------+---------+-------+---------+---------+-------+---------
